AoeStats
← Mycorrhizal

Fortress

510174872Analyzed
4v4 RM · 2d ago on Sep 29, 2026· 37m 39s· 8 players
Game mode
Random Map
Map size
Huge
Population
200
Speed
Normal
Resources
Standard
Victory
Conquest
Starting age
Dark Age
Ending age
Imperial Age
RankedLock teamsTeams togetherTeam positionsShared explorationLock speedFull tech treeHidden civsTurbo modeCheats
Victory
Defeat
🇫🇷 Britons · France
1381
+14
🇻🇪 Japanese · Venezuela
1356
+15
🇨🇳 Franks · China
1325
+16
🇩🇪 Vietnamese · Germany
1264
+19
🇨🇦 Khmer · Canada
1440
-20
🇬🇧 Danes · United Kingdom
1434
-20
🇲🇽 Hindustanis · Mexico
1258
-13
🇩🇪 Italians · Germany
1209
-11
Todas Mienten
7:52 Feudal Age
11:36 Castle Age
9:42 Double-Bit Axe
9:41 Horse Collar
12:28 Bow Saw
12:18 Heavy Plow
22:44 Wheelbarrow
21:55 Town Watch
21:55 Loom
26:06 Imperial Age
23:44 Gold Mining
23:48 Stone Mining
23:47 Man-at-Arms
24:13 Gambesons
24:13 Arson
26:35 Caravan
27:44 Conscription
28:02 Hoardings
27:44 Onager
29:55 Siege Engineers
29:41 Elite Samurai
30:23 Scale Mail Armor
31:04 Kataparuto
31:40 Hand Cart
34:53 Chain Mail Armor
34:48 Forging
34:40 Squires
36:36 Coinage
38:58 Chemistry
38:09 Masonry
37:40 Treadmill Crane
Fricelebarbare
8:26 Feudal Age
12:23 Castle Age
10:35 Double-Bit Axe
10:33 Horse Collar
13:30 Bow Saw
13:22 Heavy Plow
14:26 Loom
16:17 Wheelbarrow
21:03 Stone Mining
21:04 Gold Mining
25:31 Imperial Age
23:57 Fletching
24:09 Padded Archer Armor
24:49 Gold Shaft Mining
25:11 Ballistics
25:02 Bodkin Arrow
25:27 Hand Cart
24:58 Town Watch
26:17 Leather Archer Armor
26:34 Bracer
27:23 Conscription
27:55 Ring Archer Armor
27:57 Town Patrol
29:12 Chemistry
28:15 Scale Mail Armor
28:25 Forging
27:44 Pikeman
28:26 Squires
30:11 Yeomen
29:27 Halberdier
30:36 Chain Mail Armor
30:56 Iron Casting
30:28 Caravan
31:10 Gambesons
30:45 Man-at-Arms
32:21 Town Patrol
32:14 Elite Longbowman
32:21 Elite Longbowman
34:47 Blast Furnace
34:18 Plate Mail Armor
XJakeTheRipper7
0:47 Loom
8:58 Feudal Age
11:13 Double-Bit Axe
12:11 Horse Collar
12:26 Stone Mining
12:28 Gold Mining
14:55 Castle Age
13:27 Padded Archer Armor
13:18 Fletching
14:05 Wheelbarrow
15:55 Bow Saw
17:22 Hand Cart
21:30 Bodkin Arrow
22:35 Leather Archer Armor
25:57 Ballistics
29:21 Imperial Age
26:53 Stone Mining
27:20 Heavy Plow
32:18 Bloodlines
32:23 Forging
33:53 Caravan
34:03 Husbandry
34:09 Scale Barding Armor
35:09 Stone Shaft Mining
35:54 Two-Man Saw
35:44 Iron Casting
36:23 Elite Battle Elephant
37:58 Crop Rotation
羊了个羊
8:05 Feudal Age
11:44 Castle Age
10:20 Double-Bit Axe
14:14 Bow Saw
21:21 Wheelbarrow
26:01 Imperial Age
23:48 Hand Cart
23:19 Loom
24:30 Gold Mining
25:03 Scale Barding Armor
25:10 Forging
25:49 Gold Shaft Mining
26:20 Chain Barding Armor
26:54 Husbandry
27:32 Iron Casting
27:20 Conscription
26:23 Cavalier
27:38 Husbandry
28:14 Plate Barding Armor
28:19 Paladin
30:26 Blast Furnace
31:28 Stone Mining
31:33 Fletching
Caronte
8:00 Feudal Age
11:45 Castle Age
9:42 Horse Collar
10:11 Double-Bit Axe
11:49 Wheelbarrow
12:53 Bow Saw
12:58 Heavy Plow
13:41 Loom
15:05 Town Watch
18:05 Gold Mining
18:42 Hand Cart
20:43 Scale Mail Armor
26:56 Imperial Age
25:15 Forging
26:34 Iron Casting
26:34 Stone Mining
27:14 Chain Mail Armor
27:20 Husbandry
28:07 Stone Shaft Mining
28:07 Gold Shaft Mining
27:48 Elite Ghulam
29:35 Blast Furnace
30:00 Hoardings
30:29 Scale Barding Armor
31:38 Chain Barding Armor
31:40 Bloodlines
33:39 Heavy Camel Rider
Mycorrhizal
6:53 Feudal Age
10:47 Castle Age
8:46 Double-Bit Axe
9:06 Horse Collar
12:43 Bow Saw
16:48 Heavy Plow
18:37 Wheelbarrow
17:52 Loom
18:51 Gold Mining
23:58 Imperial Age
22:10 Hand Cart
22:47 Town Watch
22:59 Fletching
23:42 Bodkin Arrow
24:18 Ballistics
24:24 Padded Archer Armor
24:15 Elite Ballista Elephant
25:29 Conscription
25:25 Scale Barding Armor
26:34 Double Crossbow
26:33 Stone Mining
27:47 Chain Barding Armor
27:43 Forging
28:49 Town Patrol
29:25 Plate Barding Armor
29:34 Gold Shaft Mining
30:29 Iron Casting
30:55 Coinage
32:29 Banking
33:48 Blast Furnace
33:35 Bracer
35:21 Bloodlines
34:54 Light Cavalry
35:55 Husbandry
35:54 Hussar
37:03 Leather Archer Armor
Eudamidas
7:53 Feudal Age
11:58 Castle Age
10:02 Double-Bit Axe
13:12 Bow Saw
12:55 Horse Collar
15:02 Heavy Plow
18:48 Wheelbarrow
18:05 Town Watch
20:49 Gold Mining
20:52 Stone Mining
22:46 Loom
23:22 Hand Cart
25:50 Imperial Age
24:05 Scale Mail Armor
25:19 Chain Mail Armor
25:15 Forging
27:58 Gold Shaft Mining
27:59 Stone Shaft Mining
26:51 Capped Ram
27:00 Northmen's Fury
27:56 Siege Engineers
28:49 Plate Mail Armor
28:00 Siege Ram
30:16 Elite Jomsviking
30:51 Pikeman
32:46 Iron Casting
31:36 Halberdier
32:54 Squires
33:28 Onager
35:39 Blast Furnace
szedler
8:14 Feudal Age
11:54 Castle Age
9:46 Double-Bit Axe
10:12 Horse Collar
16:10 Loom
21:43 Wheelbarrow
22:06 Fletching
23:26 Bodkin Arrow
23:30 Elite Skirmisher
24:13 Padded Archer Armor
25:50 Hand Cart
25:29 Gold Mining
31:03 Imperial Age
29:48 Ballistics
30:28 Thumb Ring
30:42 Leather Archer Armor
31:59 Heavy Plow
32:49 Bracer
33:19 Ring Archer Armor
34:51 Chemistry
Connection lost

Rejoining the realm…

Still unreachable

The connection could not be restored.

Session expired

The server has moved on; the page needs a fresh start.